[Event "WSTCC-65 2024"]
[Site "Krakow"]
[Date "2024.07.05"]
[Round "4.5"]
[White "Holst, Per"]
[Black "Beilfuss, Wilfried"]
[Result "1/2-1/2"]
[ECO "A46"]
[WhiteElo "2073"]
[BlackElo "2059"]
[Annotator "NA RC"]
[PlyCount "65"]
[EventDate "2024.07.01"]
[EventType "team-tourn"]
[EventCountry "POL"]
[SourceTitle "playchess.com"]
[Source "ChessBase"]
[SourceQuality "1"]
[TimeControl "40/5400+30:1800+30"]

1. d4 Nf6 2. Nf3 e6 3. g3 b5 4. Bg2 Bb7 5. O-O c5 6. Bg5 cxd4 7. Nxd4 Bxg2 8. Kxg2 a6 9. c3 Be7 10. Nd2 O-O 11. N2f3 Qc8 12. a4 bxa4 13. Rxa4 Nc6 14. Qd3 Nxd4 15. Rxd4 d5 16. Ra1 Qb7 17. Ra2 Rfc8 18. Bxf6 Bxf6 19. Rb4 Qa7 20. Nd4 Bxd4 21. Rxd4 g6 22. Rda4 Rc6 23. b4 Rc4 24. b5 Rxa4 25. Rxa4 a5 26. h4 Qc5 27. c4 Rd8 28. h5 gxh5 29. Rxa5 Qxc4 30. Qe3 Qe4+ 31. Qxe4 dxe4 32. b6 Rb8 33. Re5 1/2-1/2

[Event "WSTCC-65 2024"]
[Site "Krakow"]
[Date "2024.07.05"]
[Round "4.6"]
[White "Legky, Nikolay A"]
[Black "Bykhovsky, Avigdor"]
[Result "1-0"]
[ECO "C02"]
[WhiteElo "2339"]
[BlackElo "2335"]
[Annotator "TA"]
[PlyCount "81"]
[EventDate "2024.07.01"]
[EventType "team-tourn"]
[EventCountry "POL"]
[SourceTitle "playchess.com"]
[Source "ChessBase"]
[SourceQuality "1"]
[TimeControl "40/5400+30:1800+30"]

1. e4 e6 2. d4 d5 3. e5 c5 4. c3 Nc6 5. Nf3 Qb6 6. Be2 Nh6 7. Bxh6 gxh6 8. Qd2 Bg7 9. O-O O-O 10. Na3 cxd4 11. cxd4 Bd7 12. Nc2 f6 13. exf6 Rxf6 14. b4 a6 15. a4 Rff8 16. Ra3 {[%emt 0:35:47] White is slightly better.} Be8 17. b5 (17. Re3 $14) 17... axb5 $11 18. Bxb5 Bg6 19. Bxc6 Qxc6 20. Ne3 Rxa4 21. Rxa4 Qxa4 22. Ng4 h5 (22... b5 $15 23. Qe3 Kh8) 23. Nge5 Rc8 24. h3 Be4 25. Qb2 Bxf3 (25... Rf8 $11) 26. Qxb7 $1 $16 (26. Nxf3 Qc6 $11) 26... Qe8 27. Nxf3 (27. gxf3 Bxe5 28. dxe5 Kh8 $17) 27... Rb8 28. Qa6 {[%emt 0:01:56] White is much more active.} Ra8 29. Qe2 Qg6 30. Re1 Re8 31. Qb5 Rf8 32. Re3 (32. Kf1 $16) 32... Qf5 (32... Bh6 $11 {keeps the balance.} 33. Rb3 Qc2) 33. Qd7 (33. Qb6 $16) 33... Bxd4 $1 $14 34. Rxe6 (34. Qxe6+ {simplifies} Qxe6 35. Rxe6 Bc5 36. Re5) 34... Bf6 35. Qc6 $36 {[%emt 0:04:19][%mdl 2048] White has the initiative.} d4 {[%emt 0:01:08] [#]} (35... Kh8 $14) 36. Qc4 (36. g3 $1 $16) 36... Kh8 37. Rd6 (37. Nxd4 $6 Qf4 38. Rxf6 Rxf6 $15 (38... Qxf6 39. Nf3 $11)) ({White should play} 37. Rb6 $14) 37... Rc8 38. Qd5 (38. Rxf6 Qb1+ 39. Qf1 Rc1 $17) 38... Qf4 (38... Qxd5 $11 {and Black stays safe.} 39. Rxd5 Rc1+ 40. Kh2 h4) 39. g3 $1 $18 (39. Nxd4 $2 Rc1#) 39... Qc1+ 40. Kg2 Qh6 $2 {[%emt 0:00:35] [#]} (40... Rf8 41. Ne5 (41. Qxh5 Qc7 $18) (41. Nxd4 Qg5 $18) 41... Bxe5 42. Qxe5+ Kg8 43. Qd5+ (43. Qxh5 Rxf2+ 44. Kxf2 Qe3+ 45. Kf1 Qc1+ 46. Ke2 Qc2+ 47. Ke1 Qc3+ 48. Kf1 Qc1+ 49. Ke2 Qe3+ 50. Kd1 Qd3+ 51. Ke1 Qxg3+ 52. Ke2 Qxd6 $11) (43. Rxd4 Qc6+ 44. Qe4 Qxe4+ 45. Rxe4 Rf5 $16) (43. Qxd4 Qg5 $18) 43... Kh8 44. Qxd4+ Kg8 45. Qd5+ Kh8 46. Qe5+ (46. Qxh5 Qe1 $18) 46... Kg8 47. Qxh5 Qc8 48. Qd5+ Kh8) 41. Ne5 {[%emt 0:07:50] Weighted Error Value: White=0.20 (precise) /Black=0.38.  Loses game:     	---       	Black=1      Mistake:       	White=5     	Black=5      Inaccurate:     	White=3     	Black=1      OK:         	White=6     	Black=9      Best:        	White=3     	Black=2      Strong:       	White=2     	Black=1} 1-0

[Event "WSTCC-65 2024"]
[Site "Krakow"]
[Date "2024.07.05"]
[Round "4.6"]
[White "Mueller, Gerhard"]
[Black "Sonderstrup, Bjarne"]
[Result "1/2-1/2"]
[ECO "C11"]
[WhiteElo "2070"]
[BlackElo "2011"]
[Annotator "NA RC"]
[PlyCount "28"]
[EventDate "2024.07.01"]
[EventType "team-tourn"]
[EventCountry "POL"]
[SourceTitle "playchess.com"]
[Source "ChessBase"]
[SourceQuality "1"]
[TimeControl "40/5400+30:1800+30"]

1. d4 Nf6 2. Nc3 d5 3. Bg5 e6 4. e4 dxe4 5. Nxe4 Be7 6. Bxf6 Bxf6 7. Nf3 Bd7 8. Bd3 Bc6 9. c3 Bxe4 10. Bxe4 c6 11. Qc2 g6 12. Ne5 Bxe5 13. dxe5 Nd7 14. f4 Qb6 1/2-1/2

[Event "WSTCC-65 2024"]
[Site "Krakow"]
[Date "2024.07.05"]
[Round "4.6"]
[White "Barreto, Ignacio C. de Barros"]
[Black "Westerinen, Heikki M.J."]
[Result "1/2-1/2"]
[ECO "C13"]
[WhiteElo "2059"]
[BlackElo "2221"]
[Annotator "TA"]
[PlyCount "49"]
[EventDate "2024.07.01"]
[EventType "team-tourn"]
[EventCountry "POL"]
[SourceTitle "playchess.com"]
[Source "ChessBase"]
[SourceQuality "1"]
[TimeControl "40/5400+30:1800+30"]

1. d4 Nf6 2. Nc3 d5 3. Bg5 e6 4. e4 Be7 5. Bxf6 Bxf6 6. Nf3 O-O 7. Bd3 c5 8. e5 Be7 9. h4 h6 10. Qd2 (10. dxc5 $15 Bxc5 11. O-O) 10... cxd4 (10... Nc6 $17 11. dxc5 Bxc5) 11. Ne2 $15 Nc6 {[%emt 0:01:18] Black is better.} 12. Nexd4 f5 (12... Nxd4 $17 13. Nxd4 f6) 13. c3 $11 Bd7 14. O-O-O Nxd4 15. cxd4 ({Better is} 15. Nxd4 $11 Qc7 16. f4) 15... Qb6 16. Kb1 Bb5 (16... Rac8 $15) 17. Rc1 Bxd3+ 18. Qxd3 {[%emt 0:00:02] The position is equal.} Rac8 19. g3 Rc6 20. Rc2 Rfc8 21. Rhc1 Kf7 22. h5 Rxc2 23. Rxc2 Rxc2 24. Kxc2 Qc6+ 25. Kb1 {[%emt 0:01:08] Weighted Error Value: White=0.16 (very precise) /Black=0.20 (precise) .  Mistake:       	White=2     	Black=3      Inaccurate:     	White=1     	Black=2      OK:         	White=6     	Black=3      Best:        	White=2     	---} 1/2-1/2

[Event "WSTCC-65 2024"]
[Site "Krakow"]
[Date "2024.07.05"]
[Round "4.7"]
[White "Maryasin, Boris"]
[Black "Roos, Louis"]
[Result "0-1"]
[ECO "C11"]
[WhiteElo "2209"]
[BlackElo "2288"]
[Annotator "TA"]
[PlyCount "106"]
[EventDate "2024.07.01"]
[EventType "team-tourn"]
[EventCountry "POL"]
[SourceTitle "playchess.com"]
[Source "ChessBase"]
[SourceQuality "1"]
[TimeControl "40/5400+30:1800+30"]

1. e4 e6 2. d4 d5 3. Nc3 Nf6 4. e5 Nfd7 5. Nf3 a6 6. Ne2 c5 7. c3 Nc6 8. g3 Qa5 9. Bd2 b5 10. Bg2 Qb6 11. O-O a5 12. Be3 Ba6 13. Re1 (13. Ng5 $14) 13... b4 (13... Be7 $11 {bleibt in der Remisbreite.}) 14. Nf4 $16 h6 15. h4 Be7 16. h5 ({Günstiger ist} 16. Bh3 $14) 16... bxc3 $11 17. bxc3 cxd4 (17... O-O $11) 18. cxd4 (18. Nxd4 $14 Nxd4 (18... Ndxe5 $2 19. Ndxe6 Qb8 20. Nxg7+ Kf8 21. Nf5 $18) 19. Qg4 (19. Bxd4 Qc6 $14) (19. cxd4 Bc4 $16) (19. Qxd4 Qxd4 20. Bxd4 Rc8 $16)) 18... Bb4 $11 19. Rb1 Qa7 20. Bd2 (20. Qc2 $11 {hält das Gleichgewicht.} Bxe1 21. Qxc6) 20... Nb6 21. Bxb4 axb4 22. Nd3 (22. Bh3 $15) 22... Bxd3 $17 23. Qxd3 Nc4 (23... O-O $142 {[%cal Ob6c4] ...Nc4! ist eine echte Drohung.} 24. Bf1 Rfc8 (24... Qxa2 25. Qb5 $14)) 24. Re2 (24. Rec1 $17) 24... O-O $19 25. g4 (25. Qd1 $17) 25... Qa3 (25... Qe7 $19 {bietet bessere Gewinnchancen. Droht ...Ra3 und aus.} 26. Bf1 f6 27. exf6 Rxf6 (27... Qxf6 28. Bg2 $17)) 26. Qd1 $17 Qa7 (26... Qa4 $17 {Zielt auf ...Qxd1+ ab.} 27. Qd3 Qa3) 27. Rb3 {[%emt 0:02:04] [#]} (27. Qd3 $1 $11 {war der einzige Weg, das Gleichgewicht zu halten.}) 27... Qe7 (27... Na3 $142 $1 28. Reb2 Nb5) 28. Qc1 Ra6 29. Qf4 (29. Bf1 $17) 29... f6 (29... Rfa8 $19 {ist viel giftiger.} 30. Bf1 Rxa2 31. Rxa2 Rxa2) 30. exf6 $17 Qxf6 31. Qc7 (31. Qxf6 $17 Rxf6 32. Rd3) 31... Qf7 $2 (31... Nxd4 $19 32. Nxd4 Qxd4) 32. Qxf7+ (32. Qg3 $1 $11) 32... Kxf7 $15 33. g5 Ke7 34. Rd3 $2 (34. Bh3 $15 e5 35. gxh6 (35. Nxe5 N4xe5 36. gxh6 gxh6 $15) (35. dxe5 Rxf3 36. Rxf3 Nd4 $19) 35... gxh6 36. Nxe5 (36. dxe5 Rxf3 37. Rxf3 Nd4 $17) 36... N4xe5 37. Rbb2 (37. dxe5 $2 Nd4 $19)) 34... Rf4 $19 35. gxh6 gxh6 36. Ne5 N4xe5 (36... Nxd4 37. Ng6+ Kd6 38. Rxe6+ (38. Nxf4 Nxe2+ 39. Nxe2 Rxa2 $14) 38... Nxe6 39. Rxd5+ Kc7 40. Nxf4 Nxf4 41. Rc5+ Kd7 42. Rxc4 Nxg2 43. Kxg2 $16) 37. dxe5 Rf5 38. f4 (38. Rde3 {war angesagt.}) 38... Rxf4 $19 (38... Rxh5 39. Bh3 $17) 39. Rg3 Nd4 40. Rb2 Nf5 41. Rgb3 (41. Rg8 {ist wohl besser.}) 41... Ra4 $19 42. Bf1 Nd4 43. Rg3 Nf3+ 44. Kg2 Nxe5 45. Rg7+ Kf6 46. Rh7 $2 (46. Rg3) 46... Nf7 47. Bd3 b3 48. axb3 Rg4+ 49. Kf2 Raf4+ 50. Ke2 Rg2+ 51. Ke3 Rxb2 52. Kxf4 Rxb3 53. Bg6 Ne5 (53... Ng5 $142 54. Bd3 Nxh7 (54... Rxd3 55. Rxh6+ Kg7 56. Rg6+ Kf7 57. Rxg5 $17) 55. Ke3 e5 56. Ke2 Rxd3 57. Kxd3 e4+ 58. Kd4 Ng5 59. Ke3 Ke5 60. Ke2 Nf3 61. Kf2 d4 62. Ke2 d3+ 63. Ke3 Kf5 64. Kf2 Kf4 65. Kf1 e3 66. Kg2 e2 67. Kh1 e1=Q+ (67... e1=B {führt zum Matt.} 68. Kg2 d2 69. Kh3 d1=Q 70. Kg2 Qd2+ 71. Kh3 Qh2#) 68. Kg2 Qg3+ 69. Kh1 Qh3#) 0-1

[Event "WSTCC-65 2024"]
[Site "Krakow"]
[Date "2024.07.05"]
[Round "4.7"]
[White "Hentunen, Asko"]
[Black "Moyses Sobrinho, Elias"]
[Result "1-0"]
[ECO "A10"]
[WhiteElo "2207"]
[BlackElo "1908"]
[Annotator "TA"]
[PlyCount "101"]
[EventDate "2024.07.01"]
[EventType "team-tourn"]
[EventCountry "POL"]
[SourceTitle "playchess.com"]
[Source "ChessBase"]
[SourceQuality "1"]
[TimeControl "40/5400+30:1800+30"]

1. c4 d5 2. cxd5 Qxd5 3. Nc3 Qd8 4. g3 e5 5. Bg2 Nf6 6. Nf3 Nc6 7. O-O Bc5 8. d3 O-O 9. Bd2 h6 10. Rc1 Be6 11. Na4 {[%emt 0:01:48] The position is equal.} Bd6 12. a3 e4 13. dxe4 Nxe4 14. Be3 $36 {[%emt 0:00:08][%mdl 2048] White fights for an advantage.} Qd7 15. Nd4 f5 (15... Nxd4 $142 16. Qxd4 (16. Bxe4 Nb3 $11) (16. Bxd4 f5 $14) 16... f5) 16. Nxc6 $16 bxc6 17. Bxe4 fxe4 18. Nc5 Bxc5 19. Qxd7 Bxd7 20. Rxc5 Rf5 21. Rc4 Rb5 22. b4 Re5 23. Rd1 Be8 24. Rdd4 {[%emt 0:00:27] White has more active pieces.} a5 25. Rxe4 Rxe4 26. Rxe4 axb4 27. axb4 {[%emt 0:02:14][%mdl 4096] Endgame. KRB-KRB} c5 {[%emt 0:00:16] [#] ...Ra1+ is the strong threat.} 28. f3 (28. Bxc5 Bc6 29. f3 Bxe4 30. fxe4 Re8 $11) (28. bxc5 Ra1+ 29. Kg2 Bc6 $19) 28... cxb4 29. Rxb4 Rc8 30. Kf2 Bf7 31. Bc5 c6 32. Rb7 Rd8 33. h4 Rd5 34. Be3 h5 35. Rc7 Rd6 36. Bf4 Rf6 37. e4 Bc4 38. Be5 Rg6 39. Ke3 Bf7 40. Rc8+ Kh7 41. Kd4 c5+ (41... Bb3 {was worth a try.} 42. Rc7 Kg8) 42. Rxc5 $18 ({Don't do} 42. Kxc5 Ra6 43. Rc7 Kg8 44. Rc8+ Kh7 $18) 42... Ra6 43. Ke3 Ra7 44. f4 Ra3+ 45. Bc3 Ra7 46. f5 g6 $2 (46... Bb3 47. e5 Re7) 47. Rc8 {[%emt 0:01:19][%csl Gc3][%cal Rc8h8] [#]} gxf5 48. exf5 Bg8 49. Be5 {[%emt 0:00:40] White mates.} Ra4 50. Rc7+ Kh6 51. Bf4+ {Weighted Error Value: White=0.08 (flawless) /Black=0.35.  Mistake:       	---       	Black=3      Inaccurate:     	---       	Black=2      OK:         	White=18    	Black=12     Best:        	White=3     	Black=2} (51. Bg7+ $142 Kh7 52. Bf6+ Bf7 53. Rxf7+ Kg8 54. Rg7+ Kf8 55. Rg5 Ke8 56. Be5 (56. Rxh5 Kd7 $18)) 1-0

[Event "WSTCC-65 2024"]
[Site "Krakow"]
[Date "2024.07.05"]
[Round "4.7"]
[White "Jorgensen, Arne Bjorn"]
[Black "Lange, Torsten"]
[Result "1/2-1/2"]
[ECO "A41"]
[WhiteElo "1940"]
[BlackElo "2027"]
[Annotator "NA RC"]
[PlyCount "31"]
[EventDate "2024.07.01"]
[EventType "team-tourn"]
[EventCountry "POL"]
[SourceTitle "playchess.com"]
[Source "ChessBase"]
[SourceQuality "1"]
[TimeControl "40/5400+30:1800+30"]

1. d4 d6 2. Nf3 Nc6 3. c4 e5 4. dxe5 dxe5 5. Qxd8+ Kxd8 6. Nc3 Be6 7. e3 Bd6 8. Be2 Nf6 9. O-O Ke7 10. b3 Rad8 11. Bb2 a6 12. Rad1 Bb4 13. Rxd8 Rxd8 14. Rd1 Rxd1+ 15. Bxd1 b6 16. h3 1/2-1/2

[Event "WSTCC-65 2024"]
[Site "Krakow"]
[Date "2024.07.05"]
[Round "4.8"]
[White "Roos, Jean-Luc"]
[Black "Lederman, Leon"]
[Result "1/2-1/2"]
[ECO "D43"]
[WhiteElo "2161"]
[BlackElo "2198"]
[Annotator "RC"]
[PlyCount "61"]
[EventDate "2024.07.01"]
[EventType "team-tourn"]
[EventCountry "POL"]
[SourceTitle "playchess.com"]
[Source "ChessBase"]
[SourceQuality "1"]
[TimeControl "40/5400+30:1800+30"]

1. d4 d5 2. c4 e6 3. Nf3 Nf6 4. Nc3 c6 5. Bg5 h6 6. Bh4 dxc4 7. e3 b5 8. a4 Bb4 9. Nd2 Bb7 10. Be2 Nbd7 11. O-O a6 12. Qc2 Be7 13. Bf3 Nd5 14. Bg3 O-O 15. b3 Nb4 16. Qb1 cxb3 17. Nxb3 Nd5 18. Ne4 a5 19. Nd6 Ba6 20. Rc1 bxa4 21. Rxa4 Bb5 22. Rxa5 Rxa5 23. Nb7 Qb6 24. N7xa5 Qa6 25. Qc2 Nb4 26. Qd2 Rc8 27. Ra1 Qb6 28. Nc1 c5 29. dxc5 Rxc5 30. Nab3 Rc2 31. Qd4 1/2-1/2

[Event "WSTCC-65 2024"]
[Site "Krakow"]
[Date "2024.07.05"]
[Round "4.8"]
[White "Thoele, Wolfgang"]
[Black "Andersson, Finn"]
[Result "1/2-1/2"]
[ECO "B24"]
[WhiteElo "1890"]
[BlackElo "1824"]
[Annotator "NA RC"]
[PlyCount "30"]
[EventDate "2024.07.01"]
[EventType "team-tourn"]
[EventCountry "POL"]
[SourceTitle "playchess.com"]
[Source "ChessBase"]
[SourceQuality "1"]
[TimeControl "40/5400+30:1800+30"]

1. e4 c5 2. Nc3 Nc6 3. d3 g6 4. g3 Bg7 5. Bg2 e6 6. Nf3 Nge7 7. O-O O-O 8. Be3 d6 9. Qd2 Nd4 10. Bh6 Nxf3+ 11. Bxf3 f5 12. Bxg7 Kxg7 13. exf5 Nxf5 14. Bg2 Nd4 15. Ne2 Nxe2+ 1/2-1/2

[Event "WSTCC-65 2024"]
[Site "Krakow"]
[Date "2024.07.05"]
[Round "4.8"]
[White "Vieira, Alexandre Letizio"]
[Black "Joentausta, Hannu"]
[Result "1/2-1/2"]
[ECO "B40"]
[WhiteElo "1825"]
[BlackElo "2102"]
[Annotator "NA RC"]
[PlyCount "51"]
[EventDate "2024.07.01"]
[EventType "team-tourn"]
[EventCountry "POL"]
[SourceTitle "playchess.com"]
[Source "ChessBase"]
[SourceQuality "1"]
[TimeControl "40/5400+30:1800+30"]

1. e4 c5 2. Nf3 e6 3. d3 Nc6 4. g3 g6 5. Bg2 Bg7 6. O-O Nge7 7. Nc3 O-O 8. a4 d6 9. Bf4 Nd4 10. Nxd4 cxd4 11. Nb5 e5 12. Bg5 f6 13. Bd2 a6 14. Na3 Be6 15. c4 dxc3 16. Bxc3 Rc8 17. Rc1 Kh8 18. d4 exd4 19. Bxd4 Rxc1 20. Qxc1 Nc6 21. Bc3 Bb3 22. Qd2 Qe7 23. a5 Rd8 24. Re1 Qe6 25. Nc2 Qe7 26. Nd4 1/2-1/2

[Event "WSTCC-65 2024"]
[Site "Krakow"]
[Date "2024.07.05"]
[Round "4.9"]
[White "Renman, Nils-Gustaf"]
[Black "Garcia Palermo, Carlos Horacio"]
[Result "1/2-1/2"]
[ECO "E11"]
[WhiteElo "2314"]
[BlackElo "2419"]
[Annotator "TA"]
[PlyCount "67"]
[EventDate "2024.07.01"]
[EventType "team-tourn"]
[EventCountry "POL"]
[SourceTitle "playchess.com"]
[Source "ChessBase"]
[SourceQuality "1"]
[TimeControl "40/5400+30:1800+30"]

1. d4 Nf6 2. c4 e6 3. Nf3 Bb4+ 4. Nbd2 O-O 5. a3 Be7 6. e3 c5 7. dxc5 a5 8. b3 Bxc5 9. Bb2 {[%emt 0:00:32] White is slightly better.} d6 10. Bd3 e5 11. Qc2 Nc6 12. O-O h6 13. Rfd1 Qe7 14. h3 Bd7 15. Bf5 Bxf5 16. Qxf5 Rab8 17. Ne4 Nxe4 18. Qxe4 f5 19. Qd5+ Kh7 20. Bc3 Ra8 21. Qd2 e4 22. Ne1 Rad8 23. b4 (23. Bxa5 Nxa5 24. Qxa5 f4 $17) 23... axb4 24. axb4 Bb6 25. Nc2 Ne5 26. Bxe5 Qxe5 (26... dxe5 $14 {is more appropriate.} 27. Qe2 Rxd1+ 28. Rxd1 Bd8) 27. Qd5 (27. g3 $16) 27... Qe7 (27... f4 $14) 28. Nd4 $36 {[%emt 0:00:37][%mdl 2048] White is on the roll. White is better.} Bxd4 29. Rxd4 ({Weaker is} 29. exd4 Qf7 $15) 29... Rc8 30. Ra7 (30. Qxd6 Qxd6 31. Rxd6 Rxc4 $14) 30... Rf7 31. h4 (31. Qxd6 Qxd6 32. Rxd6 Rxc4 $14) 31... Rc7 32. g3 ({Don't play} 32. Qxd6 Rxc4 33. Qxe7 Rc1+ 34. Kh2 Rxe7 $14) 32... h5 33. Ra8 {[%emt 0:01:55] White is much more active.} ({Don't do} 33. Qxd6 $6 Qxd6 34. Rxd6 Rxc4 $11) 33... Qe5 34. Qxd6 {[%emt 0:09:10] Weighted Error Value: White=0.10 (very precise) /Black=0.11 (very precise) .  Mistake:       	White=2     	Black=2      Inaccurate:     	White=3     	Black=3      OK:         	White=6     	Black=7      Best:        	White=1     	Black=2} (34. Qa5 $16) 1/2-1/2

[Event "WSTCC-65 2024"]
[Site "Krakow"]
[Date "2024.07.05"]
[Round "4.9"]
[White "Varley, Peter"]
[Black "Wallace, John Paul"]
[Result "0-1"]
[ECO "A67"]
[WhiteElo "2140"]
[BlackElo "2369"]
[Annotator "TA"]
[PlyCount "88"]
[EventDate "2024.07.01"]
[EventType "team-tourn"]
[EventCountry "POL"]
[SourceTitle "playchess.com"]
[Source "ChessBase"]
[SourceQuality "1"]
[TimeControl "40/5400+30:1800+30"]

1. d4 Nf6 2. c4 c5 3. d5 e6 4. Nc3 exd5 5. cxd5 d6 6. e4 g6 7. f4 Bg7 8. Bb5+ Nfd7 9. a4 O-O 10. Nf3 Na6 11. O-O Nb4 12. Be3 a6 (12... Nf6 $5) 13. Bc4 Nb6 14. Be2 Bg4 {[%emt 0:00:20] White has an edge.} 15. Qd2 Re8 16. Rad1 Bxf3 ({Better is} 16... Bxc3 $1 17. bxc3 N4xd5 18. exd5 Qe7 19. Bxc5 (19. Kf2 $2 Bxf3 20. gxf3 Nxd5 $17) 19... dxc5) 17. Rxf3 $11 Nd7 18. Rh3 ({White should try} 18. f5 $16) 18... Nf6 19. Bf3 Rc8 20. f5 Nd7 (20... c4 $11) 21. fxg6 $16 hxg6 22. Bg4 {[%emt 0:00:26] Hoping for Bg5.} Rc7 23. Bh6 (23. Rf1 $16) 23... Qf6 $11 24. Bxg7 Qxg7 25. Bxd7 Rxd7 26. Rf3 c4 27. Rdf1 Nd3 28. Rf6 Rb8 (28... Qh8 $11 {keeps the balance.}) 29. h3 b5 (29... Re8 $14) 30. axb5 $16 axb5 31. Ne2 (31. e5 $1 $14 Nxe5 32. Ne4) 31... Ra8 $11 32. Nc1 (32. Qg5 $11) 32... Nc5 $17 {[%emt 0:05:01] Black is more active.} 33. Qf4 (33. e5 $17 Ne4 (33... dxe5 34. Qe3 $11) 34. Qf4 Nxf6 35. exf6) 33... Re8 $19 34. Rxd6 Rxd6 ({Don't take} 34... Rxe4 35. Qf6 $19) 35. Qxd6 Nxe4 36. Qd7 (36. Qf4 {was forced.}) 36... Qd4+ 37. Kh2 Qe5+ 38. Kg1 Qd4+ (38... Re7 $142 39. Qd8+ Kg7) 39. Kh2 {[%emt 0:00:06] [#]} Qe5+ (39... Rf8 $1 {aiming for ...Nd2.} 40. Qe7 Qxd5) 40. Kg1 Re7 41. Qxb5 {[%emt 0:34:38] [#]} (41. Qd8+ Kg7 42. d6 Nxd6 43. b4) 41... Nd2 $1 ({Not} 41... Ng3 42. Rd1 $17) 42. Rd1 {[%emt 0:00:00] [#]} Nf3+ $1 {[%emt 0:02:46][%mdl 512] Black mates.} 43. Kf1 {[%emt 0:00:00] [#]} (43. Kf2 Qe3+) 43... Qe3 $1 44. Qb8+ Kg7 {[%emt 0:01:16] Weighted Error Value: White=0.61/Black=0.41.  Loses game:     	White=1     	---        Mistake:       	White=6     	Black=6      Inaccurate:     	White=4     	---        OK:         	White=8     	Black=9      Best:        	White=4     	Black=5      Strong:       	---       	Black=1} (44... Re8 45. Qxe8+ Qxe8 46. gxf3 $17) 0-1

[Event "WSTCC-65 2024"]
[Site "Krakow"]
[Date "2024.07.05"]
[Round "4.9"]
[White "Quinn, John M"]
[Black "Meulders, Richard"]
[Result "1/2-1/2"]
[ECO "E34"]
[WhiteElo "2073"]
[BlackElo "2154"]
[Annotator "RC"]
[PlyCount "34"]
[EventDate "2024.07.01"]
[EventType "team-tourn"]
[EventCountry "POL"]
[SourceTitle "playchess.com"]
[Source "ChessBase"]
[SourceQuality "1"]
[TimeControl "40/5400+30:1800+30"]

1. d4 Nf6 2. c4 e6 3. Nc3 Bb4 4. Qc2 d5 5. cxd5 Qxd5 6. Nf3 Qf5 7. Qxf5 exf5 8. a3 Bd6 9. Nb5 Be6 10. e3 Nc6 11. Bd3 a6 12. Nxd6+ cxd6 13. O-O O-O 14. Bd2 Ne4 15. Rfc1 Rac8 16. Be1 g6 17. b4 Ne7 1/2-1/2

[Event "WSTCC-65 2024"]
[Site "Krakow"]
[Date "2024.07.05"]
[Round "4.10"]
[White "Messa, Roberto"]
[Black "Soderberg, Per"]
[Result "1/2-1/2"]
[ECO "D37"]
[WhiteElo "2262"]
[BlackElo "2015"]
[Annotator "TA"]
[PlyCount "59"]
[EventDate "2024.07.01"]
[EventType "team-tourn"]
[EventCountry "POL"]
[SourceTitle "playchess.com"]
[Source "ChessBase"]
[SourceQuality "1"]
[TimeControl "40/5400+30:1800+30"]

1. d4 d5 2. c4 e6 3. Nf3 Nf6 4. Nc3 Be7 5. Bf4 O-O 6. e3 c6 7. Bd3 Nbd7 8. O-O h6 9. h3 b6 10. e4 dxe4 11. Nxe4 Nxe4 (11... Bb7 $11) 12. Bxe4 $16 Bb7 13. Qe2 Nf6 14. Bc2 c5 15. Rad1 $36 {[%emt 0:20:49][%mdl 2048] White fights for an advantage.} cxd4 16. Nxd4 Qc8 17. Be5 a6 18. b3 Qc5 19. Rfe1 Rfe8 (19... Rfd8 $11 {keeps the balance.}) 20. Qd3 g6 $2 (20... Kf8 $16) 21. Nxe6 Qc6 22. Nf4 {[%emt 0:00:05] Chess con chili. White is much more active.} Rad8 {[%emt 0:09:19] Prevents Nd5} 23. Qg3 Rxd1 24. Rxd1 ({Stronger than} 24. Bxd1 Ne4 25. Bf3 Nxg3 $11) 24... Ne4 25. Bxe4 Qxe4 26. Nd5 (26. Bc3 $142 {And now Re1 would win.} Bd8 27. Nh5) 26... Bxd5 27. Rxd5 (27. cxd5 $2 {loses.} Bh4 28. Qg4 Qxg4 (28... Qxe5 29. Qxh4 Qe2 30. Qd4 $16) (28... Rxe5 $2 29. f4 $19) 29. hxg4 Rxe5 $19) 27... Bc5 {[%emt 0:11:11] [#] Wards off Qe3} 28. Bc3 {[%emt 0:03:01] Prevents Qe1+} Qb1+ (28... Qc2 $142) 29. Kh2 Qxa2 {[%emt 0:05:26] [#]} (29... Qc2 $16) 30. Bd4 $2 {[%emt 0:04:13] Weighted Error Value: White=0.22 (precise) /Black=0.32.  Loses game:     	---       	Black=1      Missed win:     	White=1     	---        Mistake:       	White=1     	Black=4      Inaccurate:     	White=4     	Black=2      OK:         	White=5     	Black=7      Best:        	White=1     	Black=1} ({White must play} 30. Re5 $1 $18 Rf8 31. Re6) 1/2-1/2

[Event "WSTCC-65 2024"]
[Site "Krakow"]
[Date "2024.07.05"]
[Round "4.10"]
[White "Rooze, Jan"]
[Black "Orton, Stephen L A"]
[Result "1/2-1/2"]
[ECO "B30"]
[WhiteElo "2222"]
[BlackElo "2115"]
[Annotator "RC"]
[PlyCount "79"]
[EventDate "2024.07.01"]
[EventType "team-tourn"]
[EventCountry "POL"]
[SourceTitle "playchess.com"]
[Source "ChessBase"]
[SourceQuality "1"]
[TimeControl "40/5400+30:1800+30"]

1. e4 c5 2. Nf3 Nc6 3. Bb5 d6 4. O-O Bd7 5. Re1 Nf6 6. h3 a6 7. Bxc6 Bxc6 8. e5 dxe5 9. Nxe5 Qd5 10. Nxc6 Qxc6 11. d3 e6 12. Nd2 Be7 13. Nc4 b5 14. Ne5 Qb7 15. a4 O-O 16. Qe2 Nd5 17. Qf3 b4 18. b3 Bf6 19. Bb2 Qc7 20. Re4 g6 21. Rae1 Bg7 22. Ba1 Rad8 23. Nc4 Bxa1 24. Rxa1 Qe7 25. Rae1 Qf6 26. Qg3 Qe7 27. Re5 Nf6 28. Qg5 Nd5 29. Qxe7 Nxe7 30. Rxc5 Nf5 31. Kf1 Nd4 32. Rc1 Rd5 33. Rxd5 exd5 34. Ne3 Rd8 35. Ke1 f5 36. Kd2 f4 37. Ng4 h5 38. Ne5 Re8 39. Re1 Rc8 40. Rc1 1/2-1/2